[Event "Titled Tuesday Blitz March 22 Late 2022"]
[White "Piliczewski, Bogusz"]
[Black "Antonova, Nadezhda"]
[WhiteFideId "1104144"]
[BlackFideId "14700182"]
[WhiteElo "1896"]
[BlackElo "1751"]
[Result "0-1"]
[Round "05"]
[TimeControl "180+1"]
[Date "2022.03.22"]
[WhiteClock "0:00:09"]
[BlackClock "0:00:20"]

1. d4 Nf6 2. Nf3 g6 3. Bf4 Bg7 4. e3 O-O 5. Be2 d6 6. h3 c5 7. O-O Qb6 8. Qc1 Nbd7 9. c3 Qc7 10. Na3 a6 11. c4 cxd4 12. exd4 b6 13. b3 Bb7 14. Qc3 Nd5 15. Qd2 Nxf4 16. Qxf4 e5 17. Qe3 Rfe8 18. d5 Qc5 19. Qxc5 bxc5 20. Rab1 h6 21. Rfe1 f5 22. b4 cxb4 23. Nc2 a5 24. a3 Nc5 25. axb4 axb4 26. Nxb4 e4 27. Nd2 Bc3 28. Red1 Ra4 29. Nc6 Ra2 30. Nf1 Rxe2 31. Rdc1 Bxc6 32. Rxc3 Ba4 33. Rb6 Rd8 34. Ra3 Rc2 35. Ne3 Rc1+ 36. Kh2 f4 37. Ng4 h5 38. Nf6+ Kg7 39. Nxe4 Nxe4 40. Rxa4 Nxf2 41. g3 f3 42. g4 h4 43. Ra7+ Kf6 44. Rxd6+ Rxd6 45. Ra1 Rxa1 46. c5 Rh1# 0-1


[Site "https://www.chess.com"]

[Event "Titled Tuesday Blitz March 22 Late 2022"]
[White "Prohorov, Olexandr"]
[Black "Sztokbant, Bernardo Vainzoff"]
[WhiteFideId "14105578"]
[BlackFideId "2115956"]
[WhiteElo "1993"]
[BlackElo "2237"]
[Result "1-0"]
[Round "05"]
[TimeControl "180+1"]
[Date "2022.03.22"]
[WhiteClock "0:00:05"]
[BlackClock "0:00:01"]

1. e4 c6 2. d4 d5 3. e5 c5 4. dxc5 e6 5. Nf3 Bxc5 6. Bd3 Nc6 7. O-O Nge7 8. a3 a5 9. Qe2 Ng6 10. Re1 O-O 11. Nc3 f6 12. exf6 Qxf6 13. Bg5 Qf7 14. Na4 Ba7 15. Be3 Nf4 16. Qd1 Bxe3 17. fxe3 Nxd3 18. cxd3 e5 19. Rf1 Bg4 20. h3 Bxf3 21. Rxf3 Qg6 22. Nc5 Rf7 23. Rxf7 Qxf7 24. Qb3 Rf8 25. Qxb7 Qxb7 26. Nxb7 Rb8 27. Nd6 Rxb2 28. Rc1 Ne7 29. Rc7 Ng6 30. Ra7 Rb3 31. Rxa5 Rxd3 32. Ra8+ Nf8 33. Kf2 Rd2+ 34. Kf3 g6 35. a4 Kg7 36. a5 Ne6 37. Ra7+ Kg8 38. Re7 e4+ 39. Kg3 Nc5 40. Rc7 Rc2 41. a6 Ra2 42. a7 h5 43. Rc8+ Kh7 44. a8=Q Rxa8 45. Rxa8 1-0


[Site "https://www.chess.com"]

[Event "Titled Tuesday Blitz March 22 Late 2022"]
[White "Reprintsev, Alexander"]
[Black "Fier, Alexandr"]
[WhiteFideId "14100541"]
[BlackFideId "2107139"]
[WhiteElo "2108"]
[BlackElo "2571"]
[Result "1-0"]
[Round "05"]
[TimeControl "180+1"]
[Date "2022.03.22"]
[WhiteClock "0:01:53"]
[BlackClock "0:02:21"]

1. e4 Nf6 2. e5 Ng8 3. d4 d6 4. Nf3 Nc6 5. Bb5 Bd7 6. Qe2 e6 7. O-O Be7 8. Nc3 Nh6 9. exd6 cxd6 10. d5 exd5 11. Bxh6 gxh6 12. Nxd5 Be6 13. Nf4 Qd7 14. Rfe1 a6 15. Bxc6 bxc6 16. Nd4 Bg4 17. f3 Be6 18. Nfxe6 fxe6 19. Nxe6 Kf7 20. f4 Bf6 21. Qh5+ Kg8 22. Re3 1-0


[Site "https://www.chess.com"]

[Event "Titled Tuesday Blitz March 22 Late 2022"]
[White "Rosen, Eric"]
[Black "Marcziter, Dmitrii"]
[WhiteFideId "2032562"]
[BlackFideId "13900765"]
[WhiteElo "2362"]
[BlackElo "2155"]
[Result "1-0"]
[Round "05"]
[TimeControl "180+1"]
[Date "2022.03.22"]
[WhiteClock "0:00:16"]
[BlackClock "0:01:48"]

1. d4 Nf6 2. Bf4 d5 3. e3 c5 4. Nf3 Qb6 5. Nc3 cxd4 6. exd4 Bg4 7. Nb5 Na6 8. c3 e6 9. Qa4 O-O-O 10. Ne5 Bh5 11. f3 Ne8 12. c4 Bb4+ 13. Kf2 f6 14. c5 Nxc5 15. Nxa7+ Kb8 16. Nd7+ Ka8 17. Nxb6# 1-0


[Site "https://www.chess.com"]

[Event "Titled Tuesday Blitz March 22 Late 2022"]
[White "Rozman, Levy"]
[Black "Martinez Alcantara, Jose Eduardo"]
[WhiteFideId "2039877"]
[BlackFideId "3805662"]
[WhiteElo "2376"]
[BlackElo "2690"]
[Result "0-1"]
[Round "05"]
[TimeControl "180+1"]
[Date "2022.03.22"]
[WhiteClock "0:00:02"]
[BlackClock "0:00:05"]

1. d4 Nf6 2. Bg5 Ne4 3. h4 d5 4. e3 h6 5. Bf4 e6 6. Bd3 Nf6 7. Nd2 Bd6 8. Qf3 Qe7 9. Bxd6 cxd6 10. Ne2 e5 11. Qg3 Nh5 12. Qf3 Nf6 13. Qg3 O-O 14. O-O-O Nc6 15. h5 Nb4 16. a3 Nxd3+ 17. cxd3 Bf5 18. Nf3 e4 19. Nh4 Bh7 20. Nf4 exd3 21. Nhg6 Rfc8+ 22. Kb1 Qe8 23. f3 Nxh5 24. Rxh5 Bxg6 25. Nxg6 fxg6 26. Rxd5 Qa4 27. Rd2 Qc4 28. Rxd6 Qc1+ 29. Ka2 Qxd2 30. Rxg6 Qxe3 31. Rxg7+ Kh8 32. Rg6 Rc6 33. Rg4 Qe6+ 34. d5 Qxd5+ 35. Kb1 d2 0-1


[Site "https://www.chess.com"]

[Event "Titled Tuesday Blitz March 22 Late 2022"]
[White "Rudykh, Stepan"]
[Black "Sarkar, Justin"]
[WhiteFideId "4180321"]
[BlackFideId "2010011"]
[WhiteElo "2136"]
[BlackElo "2038"]
[Result "1/2-1/2"]
[Round "05"]
[TimeControl "180+1"]
[Date "2022.03.22"]
[WhiteClock "0:00:51"]
[BlackClock "0:00:03"]

1. e4 e5 2. Nf3 Nc6 3. Bb5 a6 4. Ba4 Nf6 5. d4 exd4 6. O-O Be7 7. Re1 b5 8. Bb3 d6 9. Bd5 Nxd5 10. exd5 Ne5 11. Nxd4 O-O 12. a4 Bg4 13. f3 Bd7 14. Nc3 b4 15. Nce2 Bf6 16. f4 Nc4 17. Qd3 Nb6 18. c4 bxc3 19. Nxc3 a5 20. Be3 Qc8 21. Rac1 Qb7 22. Ncb5 Nxd5 23. Bf2 Nxf4 24. Qg3 Be5 25. Rxc7 Qd5 26. Qf3 Qxf3 27. Nxf3 Bxb5 28. Nxe5 dxe5 29. axb5 Nd3 30. Re3 Nxf2 31. Kxf2 f6 32. b6 Rab8 33. b7 Rf7 34. Rc8+ Rf8 35. Rc7 Rf7 36. Rec3 Rxb7 37. Rc8+ Rf8 38. b3 Rxc8 39. Rxc8+ Kf7 40. Ra8 Rxb3 41. Rxa5 Rb2+ 42. Kf3 h5 43. Ra7+ Kg6 44. h3 Rb3+ 45. Kf2 h4 46. Ra8 Kh6 47. Rh8+ Kg5 48. Rg8 g6 49. Rh8 Rb2+ 50. Kf1 f5 51. Rg8 Rb6 52. Re8 Kf4 53. Rh8 g5 54. Ra8 e4 55. Ra4 Rb1+ 56. Kf2 Rb2+ 57. Kf1 Ke5 58. Ra5+ Kf4 59. Ra4 Rc2 60. Rb4 Rd2 61. Ra4 Kg3 62. Ra3+ Rd3 63. Ra5 f4 64. Rxg5+ Kh2 65. Rg4 Rd2 66. Rxh4 Rxg2 67. Rxf4 e3 68. h4 e2+ 69. Ke1 Kg3 70. Re4 Rh2 71. Rxe2 Rxe2+ 72. Kxe2 Kg4 1/2-1/2


[Site "https://www.chess.com"]

[Event "Titled Tuesday Blitz March 22 Late 2022"]
[White "Sailer, Mike"]
[Black "Ansh M Shah"]
[WhiteFideId "2012901"]
[BlackFideId "25033379"]
[WhiteElo "2109"]
[BlackElo "1819"]
[Result "0-1"]
[Round "05"]
[TimeControl "180+1"]
[Date "2022.03.22"]
[WhiteClock "0:00:01"]
[BlackClock "0:00:04"]

1. d4 Nf6 2. Nf3 e6 3. Bf4 c5 4. e3 Nc6 5. Nbd2 Be7 6. c3 O-O 7. Bd3 h6 8. O-O Nh5 9. Re1 Nxf4 10. exf4 cxd4 11. cxd4 Bf6 12. Nb3 d6 13. Qe2 Re8 14. Rad1 Bd7 15. Bb1 Nb4 16. a3 Nd5 17. g3 Ba4 18. Qd3 g6 19. Rd2 Qb6 20. Nc1 Rac8 21. Ne2 Qb3 22. Qxb3 Bxb3 23. Nc1 Ba4 24. Be4 Bc6 25. Nd3 a5 26. b4 axb4 27. Nxb4 Nxb4 28. axb4 Bxe4 29. Rxe4 Rc4 30. Rb2 Ra8 31. b5 b6 32. g4 Kf8 33. f5 d5 34. Re1 exf5 35. gxf5 g5 36. Ne5 Rxd4 37. Nd7+ Kg7 38. Nxb6 Rb8 39. Nd7 Rb7 40. Nxf6 Kxf6 41. Reb1 Kxf5 42. b6 Rc4 43. Rb5 Ke6 44. Re1+ Kd6 45. Rd1 Rc5 46. Rb4 Kc6 47. Re1 Rxb6 48. Ra4 Kd6 49. Ra7 Rc7 50. Ra8 Rd7 0-1


[Site "https://www.chess.com"]

[Event "Titled Tuesday Blitz March 22 Late 2022"]
[White "Sanal, Vahap"]
[Black "Dilanyan, Grigor"]
[WhiteFideId "6300545"]
[BlackFideId "13303570"]
[WhiteElo "2603"]
[BlackElo "2279"]
[Result "1-0"]
[Round "05"]
[TimeControl "180+1"]
[Date "2022.03.22"]
[WhiteClock "0:01:28"]
[BlackClock "0:00:07"]

1. e4 c6 2. d3 d5 3. Nd2 e5 4. g3 Nf6 5. Bg2 Nbd7 6. Ngf3 Be7 7. O-O O-O 8. Re1 dxe4 9. Nxe4 Nxe4 10. dxe4 Qc7 11. b3 Nc5 12. Bb2 f6 13. Nh4 Rd8 14. Qe2 Be6 15. Nf5 Bf8 16. h4 Kh8 17. h5 a5 18. a3 a4 19. b4 Nd7 20. Kh2 Nb6 21. Bc3 Nc4 22. Qg4 Qf7 23. f4 Rd7 24. Qh4 Rad8 25. Re2 Rd1 26. Rxd1 Rxd1 27. fxe5 Nxe5 28. Bxe5 fxe5 29. Rf2 h6 30. Qg4 Rd8 31. Qe2 Qf6 32. Nh4 Qg5 33. Ng6+ Kg8 34. Bh3 Ba2 35. c4 Bb1 36. Be6+ Kh7 37. Nxf8+ Kh8 38. Ng6+ Kh7 39. Bf5 Bd3 40. Nxe5+ Qxf5 41. Nxd3 Qg5 42. Nf4 Re8 43. e5 Rxe5 44. Qd3+ Kh8 45. Ng6+ Kg8 46. Rf8+ 1-0


[Site "https://www.chess.com"]

[Event "Titled Tuesday Blitz March 22 Late 2022"]
[White "Sanchez, Robert"]
[Black "Ferreira, Vitor Hugo Vieira"]
[WhiteFideId "2034360"]
[BlackFideId "2119765"]
[WhiteElo "2252"]
[BlackElo "2165"]
[Result "0-1"]
[Round "05"]
[TimeControl "180+1"]
[Date "2022.03.22"]
[WhiteClock "0:00:40"]
[BlackClock "0:02:10"]

1. e4 c5 2. Nf3 d6 3. d4 cxd4 4. Nxd4 Nf6 5. Nc3 a6 6. Be3 e5 7. Nb3 Be6 8. f3 h5 9. Qd2 Nbd7 10. O-O-O Qc7 11. Kb1 b5 12. Nd5 Bxd5 13. exd5 g6 14. Be2 Bg7 15. Na5 O-O 16. Nc6 Rfe8 17. Rc1 Nb6 18. Bxb6 Qxb6 19. c4 bxc4 20. Rxc4 e4 21. Rb4 Qf2 22. Rb7 exf3 23. Ne7+ Rxe7 24. Rxe7 fxe2 25. Rxe2 Qf5+ 26. Qc2 Qxd5 27. Rd1 Qb5 28. Rxd6 Rb8 29. Rc6 Nd5 30. Rc8+ Rxc8 31. Qxc8+ Kh7 32. Qc2 Nc3+ 0-1


[Site "https://www.chess.com"]

[Event "Titled Tuesday Blitz March 22 Late 2022"]
[White "Sarana, Alexey"]
[Black "Ibarra Jerez, Jose Carlos"]
[WhiteFideId "24133795"]
[BlackFideId "2226332"]
[WhiteElo "2666"]
[BlackElo "2626"]
[Result "1-0"]
[Round "05"]
[TimeControl "180+1"]
[Date "2022.03.22"]
[WhiteClock "0:00:44"]
[BlackClock "0:00:01"]

1. d4 d6 2. e4 Nf6 3. Nc3 e5 4. dxe5 dxe5 5. Qxd8+ Kxd8 6. Bc4 Ke8 7. f4 Bb4 8. Bd3 Nc6 9. Nf3 Bg4 10. fxe5 Bxc3+ 11. bxc3 Nd7 12. Bf4 Bxf3 13. gxf3 Ndxe5 14. Be2 Ke7 15. h4 f6 16. h5 g5 17. Be3 b6 18. Rg1 Rhg8 19. Rd1 Rad8 20. Rd5 Na5 21. Rxd8 Rxd8 22. f4 gxf4 23. Bxf4 Kf7 24. Bxe5 fxe5 25. h6 Kf6 26. Rg7 Rh8 27. a4 Nb7 28. Rxc7 Nc5 29. Rxa7 Nxe4 30. Rb7 Nxc3 31. Rxb6+ Kg5 32. a5 Nxe2 33. Kxe2 Rc8 34. Kd3 e4+ 35. Kxe4 Rxc2 36. a6 Rc5 37. Kd4 Rc7 38. Kd5 Kh5 39. Rc6 Rd7+ 40. Kc5 Rd1 41. Kb6 Rb1+ 42. Kc7 Ra1 43. Kb7 Rb1+ 44. Rb6 Rd1 45. a7 Rd7+ 46. Ka6 Rd8 47. Rb8 Rd1 48. Rb5+ Kxh6 49. a8=Q Ra1+ 50. Ra5 Rg1 51. Qf8+ Rg7 52. Rf5 Kg6 53. Qf6# 1-0


[Site "https://www.chess.com"]

[Event "Titled Tuesday Blitz March 22 Late 2022"]
[White "Saveliev, Alexei"]
[Black "Maghsoodloo, Parham"]
[WhiteFideId "24128546"]
[BlackFideId "12539929"]
[WhiteElo "2281"]
[BlackElo "2630"]
[Result "0-1"]
[Round "05"]
[TimeControl "180+1"]
[Date "2022.03.22"]
[WhiteClock "0:00:01"]
[BlackClock "0:00:18"]

1. c4 e5 2. Nc3 Nf6 3. Nf3 Nc6 4. e3 Bb4 5. Qc2 O-O 6. Nd5 Be7 7. a3 a5 8. b3 d6 9. Bb2 Re8 10. Be2 Nxd5 11. cxd5 Nb8 12. O-O c6 13. dxc6 Nxc6 14. d4 Bf6 15. dxe5 dxe5 16. Rfd1 Qe7 17. h3 Be6 18. Bc4 Rac8 19. Bxe6 Qxe6 20. Qc4 Qxc4 21. bxc4 e4 22. Bxf6 exf3 23. Bc3 Re4 24. gxf3 Rxc4 25. Bb2 b5 26. Rd5 b4 27. axb4 axb4 28. Ra6 Rc2 29. Rb5 h6 30. Ba1 Rd8 31. Rbb6 Rd6 32. f4 Kh7 33. Kg2 b3 34. Rxb3 Rg6+ 35. Kf1 Rc1+ 36. Ke2 Nd4+ 37. Bxd4 Rxa6 38. Rb7 f6 39. Kf3 Rg1 40. Rc7 Kg6 41. e4 Ra3+ 42. Be3 Rh1 43. f5+ Kh7 44. Kg2 Raa1 45. Bd4 Rag1+ 46. Kf3 Rxh3+ 47. Ke2 Kg8 48. Rc8+ Kf7 49. Bc5 g5 50. Rc7+ Ke8 51. Bd4 Rg4 52. f3 Rf4 53. Bxf6 Rhxf3 54. Ra7 g4 0-1


[Site "https://www.chess.com"]

[Event "Titled Tuesday Blitz March 22 Late 2022"]
[White "Schuster, Karsten"]
[Black "Bachmann, Axel"]
[WhiteFideId "4611071"]
[BlackFideId "3700488"]
[WhiteElo "2367"]
[BlackElo "2587"]
[Result "1/2-1/2"]
[Round "05"]
[TimeControl "180+1"]
[Date "2022.03.22"]
[WhiteClock "0:00:19"]
[BlackClock "0:00:04"]

1. d4 Nf6 2. c4 g6 3. Nc3 Bg7 4. e4 d6 5. Be2 O-O 6. Bg5 Na6 7. f4 c6 8. Qd2 d5 9. exd5 cxd5 10. Bxf6 Bxf6 11. Nxd5 Bg7 12. Nf3 Be6 13. Ne3 Rc8 14. b3 Qc7 15. Ne5 Rfd8 16. Rd1 Nc5 17. O-O Nd7 18. Qb2 Qb6 19. Kh1 Nxe5 20. fxe5 a5 21. Nd5 Bxd5 22. cxd5 Rxd5 23. Qa3 e6 24. Qe7 Qc7 25. Qxc7 Rxc7 26. Bc4 Rd8 27. a4 Rcd7 28. d5 Bxe5 29. Rde1 exd5 30. Rxe5 dxc4 31. bxc4 Rd1 32. Kg1 Rxf1+ 33. Kxf1 Rd4 34. Rxa5 Rxc4 35. Rb5 Rc7 36. a5 Kg7 37. h4 Re7 38. g3 h5 39. Kf2 Kf6 40. Kf3 Ke6 41. Rb6+ Kd5 42. a6 bxa6 43. Rxa6 Ke5 44. Ra5+ Kf6 45. Ra6+ Re6 46. Ra5 Rb6 47. Kf4 Rb4+ 48. Kf3 Rb6 49. Kf4 Rc6 50. Rb5 Ke6 51. Ra5 Rd6 52. Rb5 f6 53. Ra5 Rb6 54. Rc5 Ra6 55. Rb5 Ra4+ 56. Kf3 Ra3+ 57. Kf4 Ra4+ 58. Kf3 Ra7 59. Rb6+ Kf7 60. Kf4 Kg7 61. Rc6 Rb7 62. Ra6 Rf7 63. Rb6 Rd7 64. Ra6 Rc7 65. Rb6 Ra7 66. Rc6 Ra4+ 67. Kf3 Ra5 68. Kf4 Rf5+ 69. Ke4 Rf1 70. Ra6 g5 71. hxg5 fxg5 72. Ra7+ Kg6 73. Ra6+ Rf6 74. Ra5 h4 75. gxh4 gxh4 76. Ra8 Kh5 77. Rg8 h3 78. Ke3 Kh4 79. Ke2 h2 80. Rh8+ Kg3 81. Rg8+ Kh3 82. Rh8+ Kg2 83. Rg8+ Kh1 84. Ke1 Rf5 85. Ke2 Rf4 86. Ke1 Rf7 87. Ke2 Rf6 88. Ke1 Ra6 89. Kf2 Ra2+ 90. Kf1 Ra1+ 91. Kf2 Rg1 92. Rh8 Rg2+ 93. Kf1 Rg3 94. Kf2 Rg2+ 95. Kf1 Rg4 96. Kf2 Rf4+ 97. Kg3 Rf6 98. Rxh2+ Kg1 99. Rg2+ Kf1 100. Ra2 Rg6+ 101. Kf3 Rf6+ 102. Kg3 Rg6+ 103. Kf3 Rf6+ 104. Kg3 1/2-1/2


[Site "https://www.chess.com"]

[Event "Titled Tuesday Blitz March 22 Late 2022"]
[White "Sharafiev, Azat"]
[Black "Holt, Conrad"]
[WhiteFideId "4186214"]
[BlackFideId "2034387"]
[WhiteElo "2299"]
[BlackElo "2586"]
[Result "0-1"]
[Round "05"]
[TimeControl "180+1"]
[Date "2022.03.22"]
[WhiteClock "0:00:04"]
[BlackClock "0:00:17"]

1. d4 d5 2. Nf3 Nf6 3. c3 Bf5 4. Qb3 Qc8 5. c4 e6 6. Nc3 dxc4 7. Qxc4 Nbd7 8. Bf4 c6 9. g3 Nd5 10. Bd2 Nb4 11. Rc1 Nc2+ 12. Kd1 Nb4 13. e4 Bg4 14. Be2 Be7 15. a3 Na6 16. h3 Bh5 17. b4 O-O 18. Ke1 Rd8 19. Be3 Nc7 20. g4 Bg6 21. h4 h5 22. Ng5 Nf6 23. gxh5 Bxh5 24. Bxh5 Nxh5 25. Qe2 g6 26. Rg1 Kf8 27. Qf3 Bxg5 28. hxg5 e5 29. dxe5 Qe6 30. Bc5+ Kg8 31. Rh1 Qxe5 32. Rxh5 gxh5 33. Qxh5 Ne6 34. Be3 Rd3 35. Ne2 Qxe4 36. Ng3 Rxe3+ 37. fxe3 Qxe3+ 38. Ne2 Nf4 39. Qg4 Nxe2 40. Qxe2 Qxc1+ 0-1


[Site "https://www.chess.com"]

[Event "Titled Tuesday Blitz March 22 Late 2022"]
[White "Shuvalova, Polina"]
[Black "Manukyan, Sargis A."]
[WhiteFideId "24171760"]
[BlackFideId "13303970"]
[WhiteElo "2355"]
[BlackElo "2187"]
[Result "1-0"]
[Round "05"]
[TimeControl "180+1"]
[Date "2022.03.22"]
[WhiteClock "0:01:42"]
[BlackClock "0:01:07"]

1. d4 d5 2. Nf3 e6 3. Bf4 Nf6 4. e3 Be7 5. Nbd2 O-O 6. Bd3 b6 7. Qe2 Bb7 8. c3 Ne4 9. h4 a5 10. Ng5 f5 11. Nxe6 Qd7 12. Nxf8 Bxf8 13. f3 Nxd2 14. Qxd2 c5 15. h5 Nc6 16. Qc2 cxd4 17. exd4 Re8+ 18. Kf2 Bc8 19. Rae1 Ne7 20. h6 g6 21. Re2 Nc6 22. Rhe1 Rxe2+ 23. Qxe2 Be7 24. Bb5 Bh4+ 25. g3 1-0


[Site "https://www.chess.com"]

[Event "Titled Tuesday Blitz March 22 Late 2022"]
[White "Smirnov, Pavel"]
[Black "Hamitevici, Vladimir"]
[WhiteFideId "4123425"]
[BlackFideId "13902393"]
[WhiteElo "2545"]
[BlackElo "2359"]
[Result "1/2-1/2"]
[Round "05"]
[TimeControl "180+1"]
[Date "2022.03.22"]
[WhiteClock "0:00:11"]
[BlackClock "0:00:08"]

1. d4 Nf6 2. c4 c5 3. d5 b5 4. cxb5 a6 5. e3 axb5 6. Bxb5 Bb7 7. Nc3 Qa5 8. Bd2 Qb6 9. Nf3 Nxd5 10. Nxd5 Bxd5 11. a4 e6 12. O-O Be7 13. Bc3 O-O 14. Nd2 f5 15. f3 Qb7 16. Qe2 Bc6 17. e4 Bxb5 18. axb5 Rxa1 19. Rxa1 fxe4 20. fxe4 d5 21. exd5 exd5 22. Qe6+ Kh8 23. Nf3 d4 24. Bd2 Bf6 25. Qd6 Be7 26. Qe6 Bf6 27. Ra5 Qd7 28. Qxd7 Nxd7 29. Ra7 Ne5 30. Nxe5 Bxe5 31. Re7 Bf6 32. Rc7 d3 33. g3 Bxb2 34. b6 Be5 35. Rc6 Rb8 36. Kg2 h6 37. Kf3 c4 38. Rxc4 Rxb6 39. Ke4 Bf6 40. Kxd3 Rd6+ 41. Ke2 Kh7 42. Bf4 Rd8 43. h4 Re8+ 44. Kf3 Rd8 45. h5 Rf8 46. Kg4 Re8 47. Rc7 Re7 48. Rc6 Re8 49. Kf5 Rf8 50. Ke6 Re8+ 51. Kf5 Rf8 52. Kg4 Re8 53. Kf5 1/2-1/2


[Site "https://www.chess.com"]

[Event "Titled Tuesday Blitz March 22 Late 2022"]
[White "Sochacki, Christophe"]
[Black "Kozin, Yuri"]
[WhiteFideId "662569"]
[BlackFideId "4129920"]
[WhiteElo "2480"]
[BlackElo "2544"]
[Result "0-1"]
[Round "05"]
[TimeControl "180+1"]
[Date "2022.03.22"]
[WhiteClock "0:00:09"]
[BlackClock "0:00:30"]

1. Nf3 c5 2. b3 Nf6 3. Bb2 e6 4. e3 Be7 5. d4 O-O 6. Bd3 b6 7. O-O Bb7 8. Nbd2 d6 9. e4 Nbd7 10. e5 Nd5 11. c4 Nf4 12. Be4 Qc7 13. exd6 Bxd6 14. dxc5 Nxc5 15. Bxb7 Qxb7 16. Bc3 Rad8 17. b4 Ne4 18. Nxe4 Qxe4 19. Kh1 Bxb4 20. Qb3 Qg6 21. Nh4 Qg4 22. Bxb4 Rd3 23. Qa4 Qxh4 24. Bxf8 Qg4 25. Qc6 Rd5 26. Rg1 Rh5 27. Be7 Rxh2+ 28. Kxh2 Qh5+ 29. Kg3 Ne2# 0-1


[Site "https://www.chess.com"]

[Event "Titled Tuesday Blitz March 22 Late 2022"]
[White "Stanisz, Patryk"]
[Black "Terletsky, Oleg"]
[WhiteFideId "1123106"]
[BlackFideId "14116774"]
[WhiteElo "1876"]
[BlackElo "2064"]
[Result "1/2-1/2"]
[Round "05"]
[TimeControl "180+1"]
[Date "2022.03.22"]
[WhiteClock "0:00:15"]
[BlackClock "0:00:10"]

1. Nf3 Nf6 2. c4 g6 3. d4 Bg7 4. g3 O-O 5. Bg2 d6 6. O-O Nbd7 7. Nc3 e5 8. e4 exd4 9. Nxd4 Re8 10. Re1 Nc5 11. h3 Bd7 12. Bg5 h6 13. Bf4 Ne6 14. Be3 Ng5 15. Bxg5 hxg5 16. Qd2 g4 17. hxg4 Nxg4 18. Rad1 Bh6 19. Qe2 Qg5 20. Bf3 Qh5 21. Bxg4 Bxg4 22. f3 Bd7 23. Nd5 Qg5 24. Nxc7 Qxg3+ 25. Qg2 Qh4 26. Nxa8 Bh3 27. Qf2 Qg5+ 28. Kh2 Qh5 29. Qg3 Bd7+ 30. Kg1 Rxa8 31. Ne2 Rc8 32. b3 Rc5 33. Rd5 Be3+ 34. Kg2 Rxd5 35. cxd5 Kg7 36. Rh1 Qg5 37. Qxg5 Bxg5 38. f4 Bd8 39. Kf3 Bb6 40. Rc1 a6 41. a4 a5 42. e5 Kf8 43. Ke4 Ke7 44. Nd4 f5+ 45. exf6+ Kxf6 46. Nb5 Bf5+ 47. Kf3 Ke7 48. Re1+ Kd7 49. Rh1 Bc2 50. Rh7+ Kd8 51. Nxd6 Bxb3 52. Rxb7 Bxd5+ 53. Kg4 Bxb7 54. Nxb7+ Kc7 55. Nxa5 Bxa5 56. Kg5 Bd2 57. Kxg6 Bxf4 58. Kf5 Bd2 59. Ke4 Ba5 60. Kd5 Kb6 61. Kc4 Ka6 62. Kb3 Bb6 63. Kc4 Ba5 64. Kb3 Bb6 65. Kc4 Ba5 1/2-1/2


[Site "https://www.chess.com"]

[Event "Titled Tuesday Blitz March 22 Late 2022"]
[White "Swicarz, Maciej"]
[Black "Dobrov, Vladimir"]
[WhiteFideId "1113585"]
[BlackFideId "4136594"]
[WhiteElo "2057"]
[BlackElo "2614"]
[Result "0-1"]
[Round "05"]
[TimeControl "180+1"]
[Date "2022.03.22"]
[WhiteClock "0:00:04"]
[BlackClock "0:01:28"]

1. e4 c5 2. Nc3 Nc6 3. Bb5 Nd4 4. Bc4 g6 5. Nf3 Bg7 6. Nxd4 cxd4 7. Qf3 f5 8. Ne2 Qa5 9. O-O e6 10. d3 Ne7 11. Bb3 O-O 12. exf5 Nxf5 13. Qg4 b6 14. Qe4 d5 15. Qg4 e5 16. Qf3 Ne3 17. Qxf8+ Bxf8 18. fxe3 Bg4 19. Ng3 dxe3 20. Bxe3 Kh8 21. d4 Bg7 22. dxe5 Bxe5 23. c3 Qb5 24. Rf2 Re8 25. Nf1 Bg7 26. Re1 Bf5 27. h3 h5 28. Rd2 Bd3 29. Nh2 d4 30. cxd4 Rxe3 31. Rxe3 Bxd4 32. Nf1 Bc5 33. Kf2 Bxf1 34. Rd8+ Kg7 35. Rg8+ Kh7 0-1


[Site "https://www.chess.com"]

[Event "Titled Tuesday Blitz March 22 Late 2022"]
[White "Szpar, Milosz"]
[Black "Plotnikov, Pavel"]
[WhiteFideId "1184989"]
[BlackFideId "4170342"]
[WhiteElo "2447"]
[BlackElo "2298"]
[Result "0-1"]
[Round "05"]
[TimeControl "180+1"]
[Date "2022.03.22"]
[WhiteClock "0:00:05"]
[BlackClock "0:00:12"]

1. e4 e6 2. d4 d5 3. e5 Ne7 4. Nf3 Nf5 5. Bd3 c5 6. Bxf5 exf5 7. c3 Be6 8. O-O h6 9. dxc5 Bxc5 10. Nbd2 Nc6 11. Nb3 Be7 12. Nfd4 O-O 13. Bf4 Rc8 14. Qd3 Qd7 15. Rad1 g5 16. Bc1 Nxe5 17. Qe2 Ng6 18. Rfe1 Bf6 19. Nxe6 fxe6 20. Qxe6+ Qxe6 21. Rxe6 Kf7 22. Re2 Rfe8 23. Kf1 Rxe2 24. Kxe2 Ne7 25. Be3 b6 26. Bd4 Rc4 27. f3 Ke6 28. Kd3 f4 29. Re1+ Kf7 30. Bxf6 Kxf6 31. Nd4 Ng6 32. Re6+ Kf7 33. Rd6 Ne5+ 34. Ke2 Ra4 35. Rxd5 Nc4 36. b3 Rxa2+ 37. Kd3 Ne3 38. Rd6 Nxg2 39. Rxh6 Nh4 40. Ne6 Nxf3 41. Ke4 Nd2+ 42. Kf5 f3 43. Rh7+ Ke8 44. Nc7+ Kd8 45. Nd5 Nxb3 46. Ke6 Re2+ 47. Kd6 Ke8 48. Nc7+ Kf8 49. Ne6+ Kg8 50. Rg7+ Kh8 51. Rxg5 f2 52. Rf5 a5 53. Ke7 Nc5 54. Kf7 f1=Q 55. Rxf1 Rxe6 56. Rf5 Rh6 0-1


[Site "https://www.chess.com"]

[Event "Titled Tuesday Blitz March 22 Late 2022"]
[White "Taboas Rodriguez, Daniel"]
[Black "Zhigalko, Sergei"]
[WhiteFideId "2208466"]
[BlackFideId "13502956"]
[WhiteElo "2429"]
[BlackElo "2662"]
[Result "1-0"]
[Round "05"]
[TimeControl "180+1"]
[Date "2022.03.22"]
[WhiteClock "0:00:32"]
[BlackClock "0:00:04"]

1. d4 Nf6 2. Nf3 e6 3. c4 b6 4. Nc3 Bb4 5. Qc2 Bb7 6. a3 Bxc3+ 7. Qxc3 O-O 8. g3 a5 9. Bg2 a4 10. O-O d6 11. Re1 h6 12. Bf4 Nbd7 13. Rad1 Re8 14. Qc1 Qe7 15. Be3 c5 16. Bf4 cxd4 17. Nxd4 Bxg2 18. Kxg2 e5 19. Nc6 Qe6 20. Be3 Rec8 21. Nb4 Rxc4 22. Qd2 Ne4 23. Qd5 Qxd5 24. Nxd5 b5 25. f3 Nef6 26. Nxf6+ Nxf6 27. Rxd6 b4 28. Rc1 Rac8 29. Rxc4 Rxc4 30. axb4 Rxb4 31. Rb6 Rxb6 32. Bxb6 Kf8 33. Bc7 e4 34. Kf2 Ke7 35. Be5 exf3 36. exf3 Ke6 37. Bd4 Kd5 38. Bxf6 gxf6 39. Ke3 Kc4 40. Kd2 Kb3 41. Kc1 f5 42. f4 Kc4 43. Kc2 Kd4 44. Kd2 Kc4 45. Kc2 h5 46. Kd2 Kd4 47. Ke2 Ke4 48. h3 h4 49. gxh4 Kxf4 50. Kf2 f6 51. Kf1 Ke5 52. Ke2 Kf4 53. Kf2 Ke4 54. h5 Ke5 55. h6 a3 56. h7 axb2 57. h8=Q b1=Q 58. Qe8+ Kf4 59. Qe3# 1-0


[Site "https://www.chess.com"]

[Event "Titled Tuesday Blitz March 22 Late 2022"]
[White "Thavandiran, Shiyam"]
[Black "Jacobson, Aaron"]
[WhiteFideId "2605058"]
[BlackFideId "2089912"]
[WhiteElo "2357"]
[BlackElo "2265"]
[Result "1-0"]
[Round "05"]
[TimeControl "180+1"]
[Date "2022.03.22"]
[WhiteClock "0:00:36"]
[BlackClock "0:00:06"]

1. e4 d5 2. exd5 Nf6 3. Be2 Qxd5 4. Nf3 Nc6 5. d4 Bg4 6. h3 Bxf3 7. Bxf3 Qd7 8. Be3 O-O-O 9. c3 e5 10. Qb3 exd4 11. cxd4 Bb4+ 12. Nc3 Nxd4 13. Bxd4 Qxd4 14. O-O c6 15. Rad1 Qb6 16. Qxf7 Qc7 17. Qb3 Bc5 18. Qc4 Bd6 19. b4 Kb8 20. b5 cxb5 21. Qxb5 Bh2+ 22. Kh1 Be5 23. Na4 a6 24. Qb3 Rxd1 25. Rxd1 Rd8 26. Rxd8+ Qxd8 27. Qxb7# 1-0


[Site "https://www.chess.com"]

[Event "Titled Tuesday Blitz March 22 Late 2022"]
[White "Thomas, Anysia"]
[Black "Manukian, Artak"]
[WhiteFideId "670472"]
[BlackFideId "13301373"]
[WhiteElo "2002"]
[BlackElo "2434"]
[Result "0-1"]
[Round "05"]
[TimeControl "180+1"]
[Date "2022.03.22"]
[WhiteClock "0:00:05"]
[BlackClock "0:00:19"]

1. d4 Nf6 2. c4 e6 3. Nf3 b6 4. g3 Bb7 5. Bg2 c5 6. d5 exd5 7. Nh4 g6 8. O-O Bg7 9. Nc3 O-O 10. Bg5 h6 11. Bxf6 Bxf6 12. Nxd5 Bxh4 13. gxh4 Bxd5 14. Qxd5 Nc6 15. h5 gxh5 16. Qxh5 Qg5 17. Qh3 Rad8 18. f4 Qg7 19. Rf3 Nd4 20. Re3 Rfe8 21. Kh1 Rxe3 22. Qxe3 Kh8 23. Rg1 Rg8 24. b3 Qf6 25. Bd5 Rxg1+ 26. Kxg1 Kg7 27. Kf2 Nf5 28. Qh3 Qd4+ 29. Ke1 Qa1+ 30. Kf2 Qd4+ 31. e3 Qd2+ 32. Kg1 Qxe3+ 33. Qxe3 Nxe3 34. Kf2 Nxd5 35. cxd5 Kf6 36. Kf3 Kf5 37. Ke3 b5 38. a3 d6 39. h3 a5 40. h4 h5 41. Kf3 f6 42. Ke3 Kg4 43. Ke4 f5+ 44. Kd3 Kxf4 45. Kc3 Ke5 0-1


[Site "https://www.chess.com"]